 Dungeon Crawl Stone Soup version 0.29-a0-925-g0a7a3d12f8 (webtiles) character file.

Game seed: 2987271735664381410

438 Ajdolov the Shooter (level 7, -1/55 HPs)
             Began as a Ghoul Hunter on July 29, 2022.
             Slain by Duvessa
             ... wielding a +3 rapier of flaming
              (8 damage)
             ... on level 6 of the Dungeon.
             The game lasted 00:06:29 (4450 turns).

Ajdolov the Shooter (Ghoul Hunter)                  Turns: 4450, Time: 00:06:31

Health: -1/55      AC:  6    Str: 15    XL:     7   Next: 1%
Magic:  6/6        EV: 15    Int:  7    God:
Gold:   267        SH:  0    Dex: 14    Spells: 6/6 levels left

rFire   . . .      SeeInvis .   a - +0 shortbow
rCold   + . .      Faith    .   (shield currently unavailable)
rNeg    + + +      Spirit   .   c - +0 leather armour
rPois   ∞          Reflect  .   j - +0 helmet {Int+3}
rElec   .          Harm     .   d - +0 cloak
rCorr   .          Rampage  .   (no gloves)
Will    .....                   q - +0 pair of boots
Stlth   +.........              (no amulet)
HPRegen 0.00/turn               k - +4 ring of evasion
MPRegen 0.10/turn               (no ring)

@: inhibited regen
A: claws 1, cold resistance 1, negative energy resistance 3, inhibited
regeneration, torment resistance 2, devour on kill
a: no special abilities


You were on level 6 of the Dungeon.
You visited 1 branch of the dungeon, and saw 5 of its levels.

You collected 267 gold pieces.

Inventory:

Hand Weapons
 a - a +0 shortbow (weapon)
Armour
 c - a +0 leather armour (worn)
 d - a +0 cloak (worn)
 j - a +0 helmet of intelligence (worn)
 q - a +0 pair of boots (worn)
Jewellery
 k - a +4 ring of evasion (left claw)
Scrolls
 b - 4 scrolls of immolation
 g - 2 scrolls of noise
 l - a scroll of teleportation {unknown}
 n - a scroll of vulnerability {unknown}
 p - a scroll of fear {unknown}
 r - a scroll of torment {unknown}
 u - a scroll of identify {unknown}
Potions
 e - 2 potions of ambrosia {unknown}
 f - a potion of resistance {unknown}
 h - a potion of invisibility {unknown}
 i - 2 potions of haste {unknown}
 m - 2 potions of might {unknown}
 o - a potion of mutation {unknown}
 s - a potion of heal wounds {unknown}


   Skills:
 - Level 2.1 Fighting
 * Level 7.4 Ranged Weapons
 - Level 1.7 Dodging
 - Level 1.1 Stealth


You had 6 spell levels left.
You didn't know any spells.
Your spell library contained the following spells:

 Spells                   Type           Power      Damage    Failure   Level
 Portal Projectile        Hex/Tloc       0%         N/A       86%         3
 Tukima's Dance           Hex            0%         N/A       86%         3
 Blade Hands              Tmut           Unusable   N/A       N/A         5

Dungeon Overview and Level Annotations

Branches:
Dungeon (4/15)
 Temple: D:4-7

Altars:
Yredelemnul

Shops:
D:2 =   D:4 =

Annotations:
D:6 1 transporter, Dowan, Duvessa


Innate Abilities, Weirdness & Mutations

You are immune to poison.
You have sharp fingernails.
Your flesh is cold resistant. (rC+)
You are immune to negative energy. (rN+++)
You do not regenerate when monsters are visible.
You are immune to unholy pain and torment.
You thrive by killing the living.


Message History

Press: ? - help, Shift-Dir - straight line, f - Duvessa
Aim: Duvessa, wielding a +3 rapier of flaming, wearing a +0 ring mail and carrying a wand of flame (17) (fast, chance to affect: 31%) Duvessa easily resists.
Aiming: Charm
Press: ? - help, Shift-Dir - straight line, f/p - Duvessa
Aim: Duvessa, wielding a +3 rapier of flaming, wearing a +0 ring mail and carrying a wand of flame (17) (fast, chance to affect: 31%) Duvessa easily resists.
Duvessa hits you with a +3 rapier of flaming!
Duvessa burns you.
Aiming: Charm
Press: ? - help, Shift-Dir - straight line, f/p - Duvessa
Aim: Duvessa, wielding a +3 rapier of flaming, wearing a +0 ring mail and carrying a wand of flame (17) (fast, chance to affect: 31%) Duvessa easily resists.
Duvessa hits you with a +3 rapier of flaming.
Duvessa burns you.
Aiming: Charm
Press: ? - help, Shift-Dir - straight line, f/p - Duvessa
Aim: Duvessa, wielding a +3 rapier of flaming, wearing a +0 ring mail and carrying a wand of flame (17) (fast, chance to affect: 31%) Duvessa easily resists.
The now-empty wand crumbles to dust.
Duvessa hits you with a +3 rapier of flaming.
* * * LOW HITPOINT WARNING * * *
Duvessa burns you.
* * * LOW HITPOINT WARNING * * *
Dowan smirks and points a slender finger.
Duvessa zaps a wand.
The puff of flame hits you.
* * * LOW HITPOINT WARNING * * *
Duvessa attacks as you move away!
Duvessa hits you with a +3 rapier of flaming.
* * * LOW HITPOINT WARNING * * *
Duvessa burns you.
* * * LOW HITPOINT WARNING * * *
Dowan mumbles some strange words.
Dowan blinks!
As you read the scroll labelled HOCKYI ITUCZU, it crumbles to dust.
You hear a loud clanging noise!
It was a scroll of noise.
Duvessa gestures with her weapon.
Duvessa zaps a wand.
The puff of flame misses you.
Duvessa hits you with a +3 rapier of flaming!
You die...

.)...#.##.#
#.#
#.#.##..e.#
#e#
#.#.##e####
#.#
#......#
#.#
###+####
#.# #.# ##
#.# ##.##e#
###...#@#
........#
###...#.#
##.##.####
#........#
#.###.##.#
#+# # #.# #
#.# #.#
###.## #.#
#


You could see Duvessa (fast) and Dowan.

Vanquished Creatures
  A black bear (D:4)
  A scorpion (D:3)
  2 iguanas (D:4)
  Ijyb (D:4)
  An orc wizard (D:4)
  Robin (D:2)
  4 gnolls
  4 adders
  2 worms (D:3)
  2 dart slugs
  15 orcs
  6 ball pythons
  3 bats
  5 endoplasms
  A giant cockroach (D:4)
  8 goblins
  8 hobgoblins
  3 quokkas (D:3)
  3 frilled lizards
  6 kobolds
  5 rats
82 creatures vanquished.

Vanquished Creatures (others)
  An orc (D:6)
  8 plants (D:3)
9 creatures vanquished.

Grand Total: 91 creatures vanquished

Notes
Turn   | Place    | Note
-------+----------+-------------------------------------------
     0 | D:1      | Ajdolov the Ghoul Hunter began the quest for the Orb.
     0 | D:1      | Reached XP level 1. HP: 17/17 MP: 0/0
   256 | D:1      | Reached skill level 4 in Ranged Weapons
   256 | D:1      | Reached XP level 2. HP: 22/24 MP: 1/1
   948 | D:2      | Reached XP level 3. HP: 29/29 MP: 2/2
  1171 | D:2      | Found Esearuisk's Jewellery Shop.
  1383 | D:2      | Noticed Robin
  1402 | D:2      | Killed Robin
  1403 | D:2      | Reached skill level 5 in Ranged Weapons
  1403 | D:2      | Reached XP level 4. HP: 15/36 MP: 3/3
  2140 | D:3      | Found a basalt altar of Yredelemnul.
  2389 | D:3      | Found a faded altar of an unknown god.
  2715 | D:3      | Reached XP level 5. HP: 41/41 MP: 4/4
  3219 | D:4      | Reached skill level 6 in Ranged Weapons
  3375 | D:3      | Reached XP level 6. HP: 19/48 MP: 5/5
  3633 | D:4      | Found Renerotet's Jewellery Boutique.
  3902 | D:4      | Noticed Ijyb
  3906 | D:4      | Killed Ijyb
  3938 | D:4      | Noticed a black bear
  3953 | D:4      | Killed a black bear
  3954 | D:4      | Reached skill level 7 in Ranged Weapons
  4185 | D:4      | Reached XP level 7. HP: 36/55 MP: 6/6
  4339 | D:4      | You fall into a shaft and drop 2 floors!
  4345 | D:6      | Found a transporter.
  4354 | D:6      | Noticed Duvessa
  4354 | D:6      | Noticed Dowan
  4450 | D:6      | Slain by Duvessa

Illustrated notes

Levels and vault maps discovered:
D:1:      evilmike_arrival_crescent, layout_basic
D:2:      layout_loops_ring, serial_aquarium, aquarium_bridge_square
          [aquarium_subvault_wall, aquarium_subvault_bridge,
          aquarium_subvault_bridge, aquarium_subvault_bridge],
          aquarium_window_2, aquarium_window_double, aquarium_window_fake,
          aquarium_view_2c, aquarium_view_2c, aquarium_balcony_5a,
          aquarium_pool_corner, serial_shops, nicolae_shop_trees,
          kennysheep_path_1, uniq_robin
D:3:      layout_basic, yredelemnul_altar_generic,
          dilly_ecumenical_altar_fadedgnrine
D:4:      layout_basic, serial_shops, shop_statue, ebering_ghost_inner_flame,
          uniq_ijyb
D:6:      layout_loops_corners, xom_teletrap_fun,
          minmay_temple_entry_from_below_b, gammafunk_ghost_smash, uniq_duvessa

Skill      XL: |  1  2  3  4  5  6 |
---------------+-------------------+-----
Ranged Weapons | 4 5 6 7 |  7.4
Fighting       | |  2.1
Dodging        | |  1.7
Stealth        | |  1.1

Action                   |  1- 3 |  4- 6 |  7- 9 || total
-------------------------+-------+-------+-------++-------
 Fire: Shortbow          |    71 |   257 |     7 ||   335
Evoke: Wand              |       |     7 |     7 ||    14
  Use: Potion            |       |     2 |       ||     2
       Scroll            |       |       |     1 ||     1
Armor: Leather armour    |     9 |    48 |     1 ||    58
Dodge: Dodged            |    27 |   131 |    10 ||   168

Table legend: (Time is in decaauts)
 A = Elapsed time spent in this place.
 B = Non-inter-level travel time spent in this place.
 C = Inter-level travel time spent in this place.
 D = Time resting spent in this place.
 E = Time spent auto-exploring this place.
 F = Levels seen in this place.
 G = Mean time per level.
                   A        B        C        D        E       F      G
               +--------+--------+--------+--------+--------+-----+--------+
         Total |   4536 |   4401 |    135 |    806 |   2744 |   5 |  907.2 |
       Dungeon |   4536 |   4401 |    135 |    806 |   2744 |   5 |  907.2 |
               +--------+--------+--------+--------+--------+-----+--------+

Top non-repeatable levels by time:
     D:2: 1562 daAuts
     D:3: 1109 daAuts
     D:4: 897 daAuts
     D:1: 856 daAuts
     D:6: 111 daAuts
